 Dungeon Sprint DCSS version 0.30-a0-381-g6ea064c7b4 (webtiles) character file.

Game seed: 13643556658867903756

1230 mhtbhm the Spear-Bearer (level 8, -7/72 HPs)
             Began as a Merfolk Fighter on Dec 1, 2022.
             Was an Initiate of Gozag.
             Mangled by a gargoyle
             ... wielding a +0 flail
              (14 damage)
             ... in the Dungeon (Sprint IX: "|||||||||||||||||||||||||||||").
             The game lasted 00:03:06 (529 turns).

mhtbhm the Spear-Bearer (Merfolk Fighter)            Turns: 529, Time: 00:03:07

Health: -7/72      AC: 13    Str: 18    XL:     8   Next: 48%
Magic:  8/8        EV: 12    Int:  8    God:    Gozag
Gold:   348        SH:  6    Dex: 13    Spells: 7/7 levels left

rFire   . . .      SeeInvis .    a - +0 trident
rCold   . . .      Faith    .    c - +0 buckler
rNeg    . . .      Spirit   .    b - +1 chain mail
rPois   .          Reflect  .    m - +0 helmet
rElec   .          Harm     .    (no cloak)
rCorr   .          Rampage  .    (no gloves)
Will    .....      NoTele   +    (no boots)
Stlth   ..........               (no amulet)
HPRegen 0.32/turn                n - +2 ring of evasion
MPRegen 0.11/turn                o - +2 ring of evasion

@: no status effects
A: (nimble swimmer 2), mertail
a: Renounce Religion, Potion Petition, Call Merchant, Bribe Branch


You were in the Dungeon.
You worshipped Gozag.
Gozag was aware of your devotion.
You visited 1 branch You collected 936 gold pieces.
You paid 588 gold pieces to Gozag.

Inventory:

Hand Weapons
 a - a +0 trident (weapon)
Armour
 b - a +1 chain mail (worn)
 c - a +0 buckler (worn)
 m - a +0 helmet (worn)
Jewellery
 n - a +2 ring of evasion (left hand)
 o - a +2 ring of evasion (right hand)
Wands
 l - a wand of roots (2)
Scrolls
 k - 2 scrolls of amnesia
Potions
 e - 5 potions of curing
 h - 4 potions of magic


   Skills:
 + Level 10.0 Fighting
 + Level 11.3 Polearms
 + Level 7.6 Armour
 + Level 2.9 Dodging
 + Level 5.5 Stealth
 + Level 8.8 Shields
 + Level 1.9 Evocations


You had 7 spell levels left.
You didn't know any spells.
Your spell library was empty.

Dungeon Overview and Level Annotations

Branches:
Dungeon (1/1)

Altars:
Cheibriados
Dithmenos
Elyvilon
Fedhas
Gozag
Hepliaklqana
Kikubaaqudgha
Makhleb
Nemelex Xobeh
Okawaru
Qazlal
Ru
Sif Muna
Trog
Uskayaw
Vehumet
Wu Jian
Xom
Yredelemnul
Zin
The Shining One
Jiyva
Lugonu


Innate Abilities, Weirdness & Mutations

((You are very nimble when in or above water. (Stealth+, EV+, Speed+++)))
Your lower body shifts to a powerful aquatic tail in water.


Message History

There is a white marble altar of Elyvilon here.
There is a shadowy altar of Dithmenos here.
There is a snail-covered altar of Cheibriados here.
The boulder beetle curls into a ball and begins rolling!
There is a roughly hewn altar of Beogh here.
There is an open door to the Temple here.
You close the door.
You start resting.
Your extra speed is starting to run out.
You start resting.
You feel yourself slow down.
You start resting.
A gargoyle opens the door.
It is wielding a +0 flail.
There are monsters nearby!
There are monsters nearby!
Reach: a) +0 trident
Press: ? - help, Dir - move target, f - gargoyle
Aim: a gargoyle, wielding a +0 flail (heavily damaged, about 21% to evade your +0 trident)
You reach to attack!
You hit the gargoyle but do no damage.
The gargoyle is heavily damaged.
Unknown command.
Unknown command.
Reach: a) +0 trident
Press: ? - help, Dir - move target, f/p - gargoyle
Aim: a gargoyle, wielding a +0 flail (heavily damaged, about 21% to evade your +0 trident)
You reach to attack!
You hit the gargoyle.
The gargoyle is heavily damaged.
The boulder beetle curls into a ball and begins rolling!
Unknown command.
Unknown command.
You hit the gargoyle but do no damage.
The gargoyle is heavily damaged.
The gargoyle hits you with a +0 flail!
* * * LOW HITPOINT WARNING * * *
Unknown command.
You hit the gargoyle.
The gargoyle is heavily damaged.
The gargoyle hits you with a +0 flail!
You die...
Your body crumbles into a pile of gold. ▓▓▓▓▓▓▓▓▓▓▓▓▓▓▓▓▓▓▓▓▓▓▓▓▓▓▓▓▓▓▓▓▓ __________W○○BB9@....'....†)...<▓ ▓▓▓▓▓▓▓▓▓▓▓▓▓▓▓▓▓▓▓▓▓▓▓▓▓▓▓▓▓▓▓▓▓ $ $$$$ $$$$$$$$$$$$$

You could see 2 boulder beetles, a gargoyle and a shadow.

Vanquished Creatures
  An ugly thing (D)
  A troll (D)
  2 wyverns (D)
  A yak (D)
  2 centaurs (D)
  A hound (D)
  An iguana (D)
  An orc wizard (D)
  2 adders (D)
  A dart slug (D)
  A ball python (D)
  A giant cockroach (D)
  A hobgoblin (D)
  A jackal (D)
  A goblin (D)
18 creatures vanquished.

Notes
Turn   | Place    | Note
-------+----------+-------------------------------------------
     0 | D        | mhtbhm the Merfolk Fighter began the quest for the Orb.
     0 | D        | Reached XP level 1. HP: 18/18 MP: 1/1
    10 | D        | Reached skill level 3 in Polearms
    19 | D        | Reached XP level 2. HP: 18/25 MP: 2/2
    61 | D        | Reached skill level 5 in Fighting
    61 | D        | Reached XP level 3. HP: 33/33 MP: 3/3
    74 | D        | Reached skill level 4 in Polearms
    74 | D        | Reached skill level 5 in Shields
    74 | D        | Reached XP level 4. HP: 30/40 MP: 4/4
   101 | D        | Found a snail-covered altar of Cheibriados.
   101 | D        | Found a shadowy altar of Dithmenos.
   101 | D        | Found a white marble altar of Elyvilon.
   101 | D        | Found a blossoming altar of Fedhas.
   101 | D        | Found an opulent altar of Gozag.
   102 | D        | Found a hazy altar of Hepliaklqana.
   103 | D        | Found a viscous altar of Jiyva.
   104 | D        | Found an ancient bone altar of Kikubaaqudgha.
   105 | D        | Found a corrupted altar of Lugonu.
   106 | D        | Found a burning altar of Makhleb.
   107 | D        | Found a sparkling altar of Nemelex Xobeh.
   108 | D        | Found an iron altar of Okawaru.
   109 | D        | Found a stormy altar of Qazlal.
   111 | D        | Became a worshipper of Gozag Ym Sagoz the Greedy
   113 | D        | Found a sacrificial altar of Ru.
   114 | D        | Found a shimmering blue altar of Sif Muna.
   115 | D        | Found a bloodstained altar of Trog.
   116 | D        | Found a hide-covered altar of Uskayaw.
   117 | D        | Found a radiant altar of Vehumet.
   118 | D        | Found an ornate altar of the Wu Jian Council.
   119 | D        | Found a shimmering altar of Xom.
   120 | D        | Found a basalt altar of Yredelemnul.
   121 | D        | Found a glowing silver altar of Zin.
   122 | D        | Found a glowing golden altar of the Shining One.
   130 | D        | Found the +5 demon whip "Spellbinder" {antimagic, Will+}
   166 | D        | Noticed a centaur
   166 | D        | Noticed a centaur
   166 | D        | Noticed a wyvern
   166 | D        | Noticed a yak
   166 | D        | Noticed a wyvern
   174 | D        | Killed a wyvern
   175 | D        | Reached skill level 6 in Polearms
   175 | D        | Reached skill level 5 in Armour
   175 | D        | Reached skill level 1 in Dodging
   175 | D        | Reached skill level 1 in Stealth
   175 | D        | Reached XP level 5. HP: 36/48 MP: 5/5
   175 | D        | Reached XP level 6. HP: 41/55 MP: 6/6
   177 | D        | Killed a yak
   178 | D        | Reached skill level 7 in Polearms
   189 | D        | Killed a wyvern
   190 | D        | Reached skill level 8 in Polearms
   190 | D        | Reached XP level 7. HP: 45/63 MP: 7/7
   200 | D        | Reached skill level 9 in Polearms
   283 | D        | Noticed a boulder beetle
   283 | D        | Noticed a shadow
   283 | D        | Noticed a gargoyle
   283 | D        | Noticed a purple ugly thing
   283 | D        | Noticed a troll
   283 | D        | Noticed a boulder beetle
   403 | D        | Killed a troll
   404 | D        | Reached skill level 10 in Polearms
   404 | D        | Reached skill level 1 in Evocations
   421 | D        | Killed a purple ugly thing
   422 | D        | Reached skill level 10 in Fighting
   422 | D        | Reached skill level 11 in Polearms
   422 | D        | Reached skill level 5 in Stealth
   422 | D        | Reached XP level 8. HP: 44/72 MP: 8/8
   446 | D        | HP: 3/72 [boulder beetle (5)]
   529 | D        | Mangled by a gargoyle

Illustrated notes

Levels and vault maps discovered:
D:        linesprint [early_d, line_temple, items_1, d_10, items_2, lair_1,
          lair_end, items_3, orc_1, orc_end, items_4, d_15, swamp_1, shoals_1,
          snake_1, spider_1, d_20, vaults_1, items_5, swamp_end, shoals_end,
          snake_end, spider_end, vaults_end, d_27, items_6, zot_1, zot_end,
          crypt_end, forest_end, elf_end, slime_end, tomb_end, abyss_end,
          pan_hell_end]

Skill      XL: |  1  2  3  4  5  6  7 |
---------------+----------------------+-----
Polearms       | 3 4 6 8 11 | 11.3
Fighting       | 5 7 8 10 | 10.0
Armour         | 3 4 5 6 7 |  7.6
Shields        | 4 5 6 7 8 |  8.8
Dodging        | 1 2 |  2.9
Stealth        | 1 3 5 |  5.5
Evocations     | 1 |  1.9

Action                   |  1- 3 |  4- 6 |  7- 9 || total
-------------------------+-------+-------+-------++-------
Melee: Trident           |    36 |    20 |    50 ||   106
Invok: Potion Petition   |       |       |     1 ||     1
Evoke: Wand              |       |       |     8 ||     8
  Use: Potion            |     1 |     2 |     4 ||     7
       Scroll            |       |       |     2 ||     2
 Stab: Invisible         |       |     2 |       ||     2
       Distracted        |       |     1 |     1 ||     2
Armor: Scale mail        |    14 |       |       ||    14
       Chain mail        |       |     6 |    12 ||    18
Dodge: Dodged            |    16 |     8 |    29 ||    53
Block: Buckler           |     6 |     2 |    12 ||    20

Table legend: (Time is in decaauts)
 A = Elapsed time spent in this place.
 B = Non-inter-level travel time spent in this place.
 C = Inter-level travel time spent in this place.
 D = Time resting spent in this place.
 E = Time spent auto-exploring this place.
 F = Levels seen in this place.
 G = Mean time per level.
                   A        B        C        D        E       F      G
               +--------+--------+--------+--------+--------+-----+--------+
         Total |    524 |    524 |      0 |    265 |      9 |   1 |  524.0 |
       Dungeon |    524 |    524 |      0 |    265 |      9 |   1 |  524.0 |
               +--------+--------+--------+--------+--------+-----+--------+

Top non-repeatable levels by time:
       D: 524 daAuts
